PBF
TAFUNA CLIPPERS @ SUVA RED SOX
07/25/2065
 
TOP OF THE 1ST
Tafuna Clippers batting - Pitching for Suva Red Sox : RHP Clement Laurent
Pitching: RHP Clement Laurent
Batting: RHB Dean Taumoefolau 0-0: Called Strike
0-1: Foul Ball, location: 9LMF
0-2: Strikes out swinging
Batting: RHB Bertrand Tasere 0-0: Called Strike
0-1: Fly out, F8 (Flyball, 8LD, EV 88.8 MPH)
Batting: LHB Uigaese Keyser 0-0: Ball
1-0: Foul Ball, location: 9LDF
1-1: Called Strike
1-2: Fly out, F7 (Line Drive, 7, EV 84.4 MPH)
Top of the 1st over - 0 runs, 0 hits, 0 errors, 0 left on base; Tafuna 0 - Suva 0
BOTTOM OF THE 1ST
Suva Red Sox batting - Pitching for Tafuna Clippers : LHP Richard Solbat
Pitching: LHP Richard Solbat
Batting: RHB Elliot Vaenuku 0-0: Ball
1-0: Ball
2-0: Ball
3-0: Called Strike
3-1: Ground out 4-3 (Groundball, 4, EV 101.3 MPH)
Batting: RHB Naibuka Mataitini 0-0: Ball
1-0: Foul Ball, location: 5F
1-1: Foul Ball, location: 2F
1-2: Ball
2-2: Foul Ball, location: 3F
2-2: Ball
3-2: Strikes out swinging
Batting: RHB Raphael Pritchard 0-0: Foul Ball, location: 2F
0-1: Ground out 5-3 (Groundball, 56S, EV 85.6 MPH)
Bottom of the 1st over - 0 runs, 0 hits, 0 errors, 0 left on base; Tafuna 0 - Suva 0
TOP OF THE 2ND
Tafuna Clippers batting - Pitching for Suva Red Sox : RHP Clement Laurent
Batting: RHB Max David 0-0: Called Strike
0-1: Foul Ball, location: 9LDF
0-2: Foul Ball, location: 2F
0-2: Foul Ball, location: 5FF
0-2: Foul Ball, location: 2F
0-2: Strikes out looking
Batting: SHB Jayden Ah Chong 0-0: Swinging Strike
0-1: Fly out, F9 (Flyball, 9D, EV 105.6 MPH)
Batting: RHB Owen Samiu 0-0: Ball
1-0: Ball
2-0: Foul Ball, location: 2F
2-1: Foul Ball, location: 2RF
2-2: Ball
3-2: Strikes out swinging
Top of the 2nd over - 0 runs, 0 hits, 0 errors, 0 left on base; Tafuna 0 - Suva 0
BOTTOM OF THE 2ND
Suva Red Sox batting - Pitching for Tafuna Clippers : LHP Richard Solbat
Batting: LHB Logan Hale 0-0: Fly out, F8 (Flyball, 78S, EV 85.0 MPH)
Batting: RHB Vesivesi Seru 0-0: SINGLE (Line Drive, 7S, EV 102.5 MPH)
Batting: LHB Alapati Satele 0-0: Fly out, F8 (Flyball, 8LS, EV 95.6 MPH)
Batting: RHB Sam Fesolai 0-0: Ball
1-0: Ball
2-0: Called Strike
2-1: Foul Ball, location: 25F
2-2: Foul Ball, location: 3FF
2-2: Foul Ball, location: 2F
2-2: Ground out 5-3 (Groundball, 56, EV 107.5 MPH)
Bottom of the 2nd over - 0 runs, 1 hit, 0 errors, 1 left on base; Tafuna 0 - Suva 0
TOP OF THE 3RD
Tafuna Clippers batting - Pitching for Suva Red Sox : RHP Clement Laurent
Batting: LHB Penaia Kororua 0-0: Ball
1-0: Ball
2-0: Ball
3-0: Base on Balls
Batting: RHB Jonathan Bogisa 0-0: Foul Ball, location: 2F
0-1: Ball
1-1: Swinging Strike
1-2: Ball
2-2: Ball
3-2: Grounds into double play, 4-6-3 (Groundball, 4, EV 101.3 MPH)
Batting: LHB Antonin Fournier 0-0: Ball
1-0: Ball
2-0: Called Strike
2-1: Swinging Strike
2-2: Strikes out swinging
Top of the 3rd over - 0 runs, 0 hits, 0 errors, 0 left on base; Tafuna 0 - Suva 0
BOTTOM OF THE 3RD
Suva Red Sox batting - Pitching for Tafuna Clippers : LHP Richard Solbat
Batting: RHB Eugene Ropati 0-0: Called Strike
0-1: Ball
1-1: Swinging Strike
1-2: Ball
2-2: Ball
3-2: Strikes out swinging
Batting: LHB Ratu Taoba 0-0: Swinging Strike
0-1: Swinging Strike
0-2: Ball
1-2: Strikes out looking
Batting: RHB Elliot Vaenuku 0-0: Ball
1-0: Called Strike
1-1: Foul Ball, location: 5F
1-2: Foul Ball, location: 2F
1-2: Foul Ball, location: 2F
1-2: Ground out 5-3 (Groundball, 56S, EV 80.0 MPH)
Bottom of the 3rd over - 0 runs, 0 hits, 0 errors, 0 left on base; Tafuna 0 - Suva 0
TOP OF THE 4TH
Tafuna Clippers batting - Pitching for Suva Red Sox : RHP Clement Laurent
Batting: RHB Dean Taumoefolau 0-0: Ball
1-0: Ball
2-0: Ball
3-0: Called Strike
3-1: Base on Balls
Batting: RHB Bertrand Tasere 0-0: Foul Ball, location: 23FF
0-1: Bunt missed!
0-2: Ball
1-2: Foul Ball, location: 2F
1-2: Ball
2-2: Ball
3-2: SINGLE (Line Drive, 9S, EV 110.6 MPH)
Dean Taumoefolau to second
Batting: LHB Uigaese Keyser 0-0: Ball
1-0: Foul Ball, location: 5DF
1-1: Swinging Strike
1-2: 3-RUN HOME RUN (Flyball, 7LD, EV 98.1 MPH), Distance : 356 ft
Batting: RHB Max David 0-0: Swinging Strike
0-1: Ball
1-1: Foul Ball, location: 25FF
1-2: Foul Ball, location: 5SF
1-2: Ball
2-2: Foul Ball, location: 2F
2-2: Foul Ball, location: 2F
2-2: SINGLE (Line Drive, 3D, EV 94.4 MPH)
Batting: SHB Jayden Ah Chong 0-0: Ball
1-0: Called Strike
1-1: Ball
2-1: Swinging Strike
2-2: Strikes out swinging
Batting: RHB Owen Samiu 0-0: Called Strike
0-1: Called Strike
0-2: Ball
1-2: Fly out, F9 (Line Drive, 89M, EV 103.1 MPH)
Batting: LHB Penaia Kororua 0-0: Called Strike
0-1: Ground out 4-3 (Groundball, 4, EV 86.3 MPH)
Top of the 4th over - 3 runs, 3 hits, 0 errors, 1 left on base; Tafuna 3 - Suva 0
BOTTOM OF THE 4TH
Suva Red Sox batting - Pitching for Tafuna Clippers : LHP Richard Solbat
Batting: RHB Naibuka Mataitini 0-0: Ball
1-0: Ball
2-0: Ball
3-0: Base on Balls
Batting: RHB Raphael Pritchard 0-0: Called Strike
0-1: Ball
1-1: Swinging Strike
1-2: Ball
2-2: SINGLE (Line Drive, 8RS, EV 87.5 MPH)
Naibuka Mataitini to second
Batting: LHB Logan Hale 0-0: Ball
1-0: Called Strike
1-1: Foul Ball, location: 25FF
1-2: Ball
2-2: Foul Ball, location: 2F
2-2: Fly out, F8 (Flyball, 8RM, EV 96.9 MPH)
Batting: RHB Vesivesi Seru 0-0: Ball
1-0: Foul Ball, location: 9LSF
1-1: Swinging Strike
1-2: Grounds into double play, 4-6-3 (Groundball, 4M, EV 101.3 MPH)
Bottom of the 4th over - 0 runs, 1 hit, 0 errors, 1 left on base; Tafuna 3 - Suva 0
TOP OF THE 5TH
Tafuna Clippers batting - Pitching for Suva Red Sox : RHP Clement Laurent
Batting: RHB Jonathan Bogisa 0-0: Ball
1-0: Ball
2-0: Ball
3-0: Base on Balls
Batting: LHB Antonin Fournier 0-0: Ball
1-0: Sac Bunt to 2R - play at first, batter OUT! 2-4
Jonathan Bogisa to second
Batting: RHB Dean Taumoefolau 0-0: Swinging Strike
0-1: Ground out 6-3 (Groundball, 6S, EV 69.4 MPH)
Jonathan Bogisa to third
Batting: RHB Bertrand Tasere 0-0: Ball
1-0: Foul Ball, location: 2F
1-1: Called Strike
1-2: Ball
2-2: Ground out 6-3 (Groundball, 6, EV 86.9 MPH)
Top of the 5th over - 0 runs, 0 hits, 0 errors, 1 left on base; Tafuna 3 - Suva 0
BOTTOM OF THE 5TH
Suva Red Sox batting - Pitching for Tafuna Clippers : LHP Richard Solbat
Batting: LHB Alapati Satele 0-0: Foul Ball, location: 2F
0-1: Ground out 6-3 (Groundball, 6, EV 81.9 MPH)
Batting: RHB Sam Fesolai 0-0: Foul Ball, location: 23FF
0-1: Fly out, F8 (Flyball, 8RXD, EV 111.3 MPH)
Batting: RHB Eugene Ropati 0-0: Ball
1-0: Ground out U3 (Groundball, 34, EV 85.6 MPH)
Bottom of the 5th over - 0 runs, 0 hits, 0 errors, 0 left on base; Tafuna 3 - Suva 0
TOP OF THE 6TH
Tafuna Clippers batting - Pitching for Suva Red Sox : RHP Clement Laurent
Batting: LHB Uigaese Keyser 0-0: Called Strike
0-1: Ball
1-1: Called Strike
1-2: Strikes out looking
Batting: RHB Max David 0-0: Fly out, F9 (Flyball, 9, EV 69.4 MPH)
Batting: SHB Jayden Ah Chong 0-0: Called Strike
0-1: Ball
1-1: Ball
2-1: Ball
3-1: Swinging Strike
3-2: Strikes out swinging
Top of the 6th over - 0 runs, 0 hits, 0 errors, 0 left on base; Tafuna 3 - Suva 0
BOTTOM OF THE 6TH
Suva Red Sox batting - Pitching for Tafuna Clippers : LHP Richard Solbat
Batting: LHB Ratu Taoba 0-0: Ball
1-0: Ball
2-0: Ball
3-0: Foul Ball, location: 2F
3-1: Called Strike
3-2: SINGLE (Groundball, 56D, EV 100.0 MPH)
Batting: RHB Elliot Vaenuku 0-0: Ball
1-0: SINGLE (Groundball, 4MD, EV 97.5 MPH)
Ratu Taoba to second
Runner from 2nd tries for 3rd, SAFE after rundown.
Batting: RHB Naibuka Mataitini 0-0: Called Strike
0-1: Foul Ball, location: 2F
0-2: Fly out, F7 (Flyball, 78M, EV 75.0 MPH)
Runner from 3rd tags up, SCORES, throw by LF
Batting: RHB Raphael Pritchard 0-0: Swinging Strike
0-1: Swinging Strike
0-2: Ball
1-2: Ball
2-2: Foul Ball, location: 7LSFF
2-2: Foul Ball, location: 7LSFF
2-2: Ball
3-2: Foul Ball, location: 2F
3-2: Foul Ball, location: 2F
3-2: Foul Ball, location: 5F
3-2: Fly out, F9 (Flyball, 9S, EV 90.6 MPH)
Batting: LHB Logan Hale 0-0: Foul Ball, location: 23FF
0-1: Swinging Strike
0-2: Ball
1-2: Foul Ball, location: 3FF
1-2: Strikes out swinging
Bottom of the 6th over - 1 run, 2 hits, 0 errors, 1 left on base; Tafuna 3 - Suva 1
TOP OF THE 7TH
Tafuna Clippers batting - Pitching for Suva Red Sox : RHP Clement Laurent
Batting: RHB Owen Samiu 0-0: Ball
1-0: Ball
2-0: Called Strike
2-1: Called Strike
2-2: Foul Ball, location: 2F
2-2: Ball
3-2: Foul Ball, location: 9LSF
3-2: DOUBLE (Flyball, 8LD, EV 86.9 MPH)
Batting: LHB Penaia Kororua 0-0: Called Strike
0-1: Ball
1-1: Fly out, F7 (Flyball, 7D, EV 95.0 MPH)
Runner from 2nd tags up, SAFE at 3rd, no throw by LF
Batting: RHB Jonathan Bogisa 0-0: Ball
1-0: Ball
2-0: Ball
3-0: Base on Balls
Batting: LHB Antonin Fournier 0-0: Swinging Strike
0-1: Hit by Pitch
Jonathan Bogisa to second
Pitching: LHP Jimilai Baleikasavu
Batting: RHB Dean Taumoefolau 0-0: Ball
1-0: Ball
2-0: Ball
3-0: Base on Balls
Owen Samiu scores
Jonathan Bogisa to third
Antonin Fournier to second
Batting: RHB Bertrand Tasere 0-0: SINGLE (Groundball, 13S, EV 71.9 MPH) (infield hit)
Jonathan Bogisa scores
Antonin Fournier to third
Dean Taumoefolau to second
Batting: LHB Uigaese Keyser 0-0: Foul Ball, location: 2F
0-1: Swinging Strike
0-2: Fly out, F6 (Popup, 6MS, EV 83.8 MPH)
Batting: RHB Max David 0-0: Fly out, F7 (Flyball, 7, EV 93.1 MPH)
Top of the 7th over - 2 runs, 2 hits, 0 errors, 3 left on base; Tafuna 5 - Suva 1
BOTTOM OF THE 7TH
Suva Red Sox batting - Pitching for Tafuna Clippers : LHP Richard Solbat
Batting: RHB Vesivesi Seru 0-0: Called Strike
0-1: Fly out, F9 (Flyball, 9S, EV 89.4 MPH)
Batting: LHB Alapati Satele 0-0: SOLO HOME RUN (Flyball, 9LD, EV 92.5 MPH), Distance : 341 ft
Batting: RHB Sam Fesolai 0-0: Called Strike
0-1: Ball
1-1: Fly out, F7 (Flyball, 7, EV 83.1 MPH)
Batting: RHB Eugene Ropati 0-0: Ball
1-0: Hit by Pitch
Batting: LHB Ratu Taoba 0-0: Called Strike
0-1: Ball
1-1: Fielders Choice at 2nd, 6-4 (Groundball, 6, EV 105.0 MPH)
Bottom of the 7th over - 1 run, 1 hit, 0 errors, 1 left on base; Tafuna 5 - Suva 2
TOP OF THE 8TH
Tafuna Clippers batting - Pitching for Suva Red Sox : LHP Jimilai Baleikasavu
Batting: SHB Jayden Ah Chong 0-0: Ball
1-0: Ground out 5-3 (Groundball, 5L, EV 85.0 MPH)
Batting: RHB Owen Samiu 0-0: Called Strike
0-1: SOLO HOME RUN (Line Drive, 7D, EV 109.4 MPH), Distance : 413 ft
Batting: LHB Penaia Kororua 0-0: Swinging Strike
0-1: Called Strike
0-2: Foul Ball, location: 7LDF
0-2: Foul Ball, location: 5SF
0-2: Strikes out swinging
Batting: RHB Jonathan Bogisa 0-0: Ball
1-0: Foul Ball, location: 2F
1-1: Swinging Strike
1-2: Strikes out swinging
Top of the 8th over - 1 run, 1 hit, 0 errors, 0 left on base; Tafuna 6 - Suva 2
BOTTOM OF THE 8TH
Suva Red Sox batting - Pitching for Tafuna Clippers : LHP Richard Solbat
Batting: RHB Elliot Vaenuku 0-0: Foul Ball, location: 9LDF
0-1: Swinging Strike
0-2: Ball
1-2: Ball
2-2: Strikes out swinging
Pitching: RHP Po'alo'i Kavaliku
Batting: RHB Naibuka Mataitini 0-0: Foul Ball, location: 5FF
0-1: Called Strike
0-2: Ball
1-2: Ball
2-2: SINGLE (Groundball, 6MD, EV 96.9 MPH)
Batting: RHB Raphael Pritchard
Pinch Hitting: LHB James Grantz 0-0: Ball
1-0: Swinging Strike
1-1: Foul Ball, location: 2F
1-2: Foul Ball, location: 7LDF
1-2: Strikes out swinging
Batting: LHB Logan Hale 0-0: Foul Ball, location: 3F
0-1: DOUBLE (Flyball, 8RXD, EV 98.1 MPH)
Naibuka Mataitini to third
Runner from 3rd tries for Home, SAFE, throw by CF to trailing runner, SAFE at third!
Batting: RHB Vesivesi Seru 0-0: Ball
1-0: Ball
2-0: Foul Ball, location: 25F
2-1: Ball
3-1: Swinging Strike
3-2: Foul Ball, location: 9LDF
3-2: Foul Ball, location: 23FF
3-2: Fly out, F3 (Popup, 23F, EV 85.6 MPH)
Bottom of the 8th over - 1 run, 2 hits, 0 errors, 1 left on base; Tafuna 6 - Suva 3
TOP OF THE 9TH
Tafuna Clippers batting - Pitching for Suva Red Sox : LHP Jimilai Baleikasavu
Now in LF: James Grantz
Batting: LHB Antonin Fournier 0-0: Ball
1-0: Fly out, F9 (Flyball, 89M, EV 95.0 MPH)
Batting: RHB Dean Taumoefolau 0-0: Ball
1-0: Ground out 3-1 (Groundball, 34, EV 98.8 MPH)
Batting: RHB Bertrand Tasere 0-0: Ball
1-0: Ground out 6-3 (Groundball, 6, EV 103.1 MPH)
Top of the 9th over - 0 runs, 0 hits, 0 errors, 0 left on base; Tafuna 6 - Suva 3
BOTTOM OF THE 9TH
Suva Red Sox batting - Pitching for Tafuna Clippers : RHP Po'alo'i Kavaliku
Now at 1B: Lee Malua
Batting: LHB Alapati Satele 0-0: Ball
1-0: Ball
2-0: SINGLE (Groundball, 34D, EV 103.8 MPH)
Batting: RHB Sam Fesolai 0-0: Ball
1-0: Ball
2-0: Swinging Strike
2-1: Foul Ball, location: 2F
2-2: Ball
3-2: Foul Ball, location: 2F
3-2: Foul Ball, location: 23F
3-2: Foul Ball, location: 9LMF
3-2: Strikes out looking
Batting: RHB Eugene Ropati 0-0: Ball
1-0: Foul Ball, location: 5F
1-1: Foul Ball, location: 9LSF
1-2: Strikes out swinging
Batting: LHB Ratu Taoba 0-0: Called Strike
0-1: Ball
1-1: Ball
2-1: Ball
3-1: Called Strike
3-2: Foul Ball, location: 5SF
3-2: Foul Ball, location: 25F
3-2: Base on Balls
Alapati Satele to second
Pitching: RHP Pat Hakwa
Batting: RHB Elliot Vaenuku 0-0: Fly out, F9 (Flyball, 89M, EV 85.0 MPH)
Bottom of the 9th over - 0 runs, 1 hit, 0 errors, 2 left on base; Tafuna 6 - Suva 3
Thursday, March 21st , 2024 - OOTP Baseball 24.9 Build 80